 Dungeon Crawl Stone Soup version 0.21-a0-641-geef9d7f (webtiles) character file.

914 Leszczynek the Grappler (level 7, -3/65 HPs)
             Began as a Troll Skald on Dec 30, 2017.
             Was a Follower of the Shining One.
             Slain by a two-headed ogre
             ... wielding a +0 giant club
              (13 damage)
             ... on level 8 of the Dungeon.
             The game lasted 00:12:25 (2247 turns).

Leszczynek the Grappler (Troll Skald)               Turns: 2247, Time: 00:12:25

Health: -3/65      AC:  5    Str: 20    XL:     7   Next: 82%
Magic:  16/16      EV: 10    Int:  9    God:    the Shining One [*.....]
Gold:   110        SH:  0    Dex: 11    Spells: 1/8 levels left

rFire    . . .     SeeInvis .     - Unarmed
rCold    . . .     Gourm    +   (no shield)
rNeg     . . .     Faith    .   a - +0 robe
rPois    .         Spirit   .   (helmet restricted)
rElec    .         Reflect  .   n - scarf {cloud immunity}
rCorr    .         Harm     .   (gloves unavailable)
MR       .....                  (boots unavailable)
Stlth    +.........             (no amulet)
HPRegen  0.60/turn              m - ring of magical power
MPRegen  0.15/turn              (no ring)

@: glowing
A: large, unfitting armour, claws 3, fast metabolism 3, gourmand, regeneration
1, shaggy fur 1, tough skin 2
a: Renounce Religion


You were on level 8 of the Dungeon.
You worshipped the Shining One.
The Shining One was aware of your devotion.
You were not hungry.

You visited 1 branch of the dungeon, and saw 8 of its levels.
You also visited: Ossuary.

You collected 110 gold pieces.

Inventory:

Armour
 a - a +0 robe (worn)
 j - a +0 shield
 n - a scarf of cloud immunity (worn)
Jewellery
 m - a ring of magical power (left claw)
Wands
 b - a wand of enslavement (4)
Scrolls
 c - 3 scrolls of remove curse {@r2}
 i - 2 scrolls of amnesia
 k - 2 scrolls of enchant armour {unknown}
 l - 5 scrolls of random uselessness
 o - 3 scrolls of fog
 p - 4 scrolls of enchant weapon
 t - a scroll of noise {unknown}
 x - 2 scrolls of immolation {!r}
Potions
 f - a potion of cancellation {unknown}
 h - a potion of mutation {unknown}
 q - 6 potions of degeneration {unknown}
 r - a potion of agility {unknown}
 s - 2 potions of lignification {unknown}
 u - 2 potions of heal wounds {unknown}
 v - a potion of invisibility {unknown}
 w - 2 potions of brilliance {unknown}
 z - a potion of ambrosia {unknown}
 A - a potion of curing {unknown}
Comestibles
 d - 6 rations


   Skills:
 + Level 2.0 Fighting
 - Level 1.9 Dodging
 + Level 0.8 Shields
 * Level 9.0 Unarmed Combat
 - Level 1.2 Spellcasting
 - Level 2.0 Charms


You had one spell level left.
You knew the following spells:

 Your Spells              Type           Power        Failure   Level  Hunger
a - Shroud of Golubria    Chrm/Tloc      #.........   36%         2    ###....
b - Song of Slaying       Chrm           #.......     24%         2    ###....
q - Regeneration          Chrm/Necr      #.........   58%         3    ####...


Dungeon Overview and Level Annotations

Branches:
Dungeon (8/15)
 Temple: D:4-7         Lair: D:8-11

Altars:
Nemelex Xobeh
Sif Muna
The Shining One

Annotations:
D:5 Prince Ribbit


Innate Abilities, Weirdness & Mutations

You are too large for most types of armour.
You have claws for hands.
Your metabolism is lightning-fast.
You like to eat raw meat.
Your natural rate of healing is unusually fast.
You are covered in fur. (AC +1)
You have very tough skin. (AC +2)


Message History

You see here a stone.
You see here a stone.
You claw the kobold!
You kill the kobold!
You claw the two-headed ogre!
The two-headed ogre is moderately wounded.
The two-headed ogre barely misses you.
The two-headed ogre hits you with a giant spiked club!
You claw the two-headed ogre!
The two-headed ogre is moderately wounded.
You barely miss the two-headed ogre.
The two-headed ogre is moderately wounded.
The two-headed ogre hits you with a giant club!
The two-headed ogre hits you with a giant spiked club!!
You claw the two-headed ogre! x2
The two-headed ogre is severely wounded.
The two-headed ogre hits you with a giant club!
* * * LOW HITPOINT WARNING * * *
The two-headed ogre hits you with a giant spiked club!
You die...

#....#.>.............#
######...............#
#...............#
########..###..##
#...####'### .#
+....#.....#
#....#.....#
..##....#.....#
...K...(#@....#.
......KKO.....'.. #.
..##...######'### #.
#... .# ##. ..... ..
#.....#.. ...... ..
#..... .. .......
#....[ . ####### #####
#...# ##
<..####...####...####.


You could see a two-headed ogre, a big kobold and a kobold.

Vanquished Creatures
  2 ogres
  A centaur (D:6)
  A bullfrog (D:7)
  A crimson imp (D:5)
  2 hounds
  4 orc wizards
  4 orc priests (D:4)
  A bullfrog zombie (D:4)
  2 worker ants
  A hound zombie (D:4)
  3 mummies (Ossuary)
  6 adders
  A shadow imp (D:8)
  An ooze (D:3)
  An adder zombie (D:6)
  2 worms
  A dart slug (D:1)
  2 leopard geckos
  14 orcs
  A ball python (D:2)
  A giant cockroach (D:3)
  A gnoll zombie (Ossuary)
  5 goblins
  2 hobgoblins
  5 jackals
  2 quokkas (D:2)
  A ball python skeleton (D:4)
  2 bats
  3 frilled lizards
  A goblin zombie (Ossuary)
  3 hobgoblin zombies (Ossuary)
  6 kobolds
  3 kobold zombies (Ossuary)
  6 rats
92 creatures vanquished.

Notes
Turn   | Place    | Note
-------+----------+-------------------------------------------
     0 | D:1      | Leszczynek the Troll Skald began the quest for the Orb.
     0 | D:1      | Reached XP level 1. HP: 19/19 MP: 1/1
   179 | D:2      | Reached XP level 2. HP: 27/27 MP: 2/2
   262 | D:2      | Reached skill level 3 in Unarmed Combat
   342 | D:2      | Reached XP level 3. HP: 33/33 MP: 3/3
   394 | D:2      | Found a deep blue altar of Sif Muna.
   410 | D:3      | Reached skill level 4 in Unarmed Combat
   565 | D:3      | Learned a level 2 spell: Shroud of Golubria
   576 | D:3      | Reached XP level 4. HP: 41/41 MP: 4/4
   579 | D:3      | Found a sparkling altar of Nemelex Xobeh.
   667 | D:3      | d3 shield, eh? not bad
   758 | D:4      | Reached skill level 5 in Unarmed Combat
   818 | D:4      | Reached XP level 5. HP: 48/48 MP: 5/5
   935 | D:4      | Reached skill level 6 in Unarmed Combat
   975 | D:4      | Noticed an ogre
   992 | D:4      | Reached XP level 6. HP: 50/55 MP: 6/6
  1147 | D:4      | Reached skill level 7 in Unarmed Combat
  1165 | D:5      | Entered Level 5 of the Dungeon
  1236 | D:5      | Noticed Prince Ribbit
  1391 | D:6      | Reached XP level 7. HP: 58/62 MP: 7/7
  1400 | D:6      | Reached skill level 8 in Unarmed Combat
  1406 | D:6      | Learned a level 3 spell: Regeneration
  1409 | D:6      | Learned a level 2 spell: Song of Slaying
  1783 | D:7      | Found a glowing golden altar of the Shining One.
  1786 | D:7      | okay
  1786 | D:7      | that's nice
  1788 | D:7      | Became a worshipper of the Shining One
  1790 | D:7      | just before ossuary
  1802 | D:7      | Found a sand-covered staircase.
  1811 | Ossuary  | Entered an ossuary
  1829 | Ossuary  | "oops
  1962 | Ossuary  | Reached * piety under the Shining One
  2132 | D:8      | Noticed a two-headed ogre
  2142 | D:8      | HP: 5/63 [two-headed ogre/giant club (17)]
  2143 | D:8      | okay
  2214 | D:8      | Reached skill level 2 in Fighting
  2214 | D:8      | Reached skill level 9 in Unarmed Combat
  2239 | D:8      | Noticed a two-headed ogre
  2247 | D:8      | HP: 10/65 [two-headed ogre/giant club (7)]
  2247 | D:8      | Slain by a two-headed ogre

Vault maps used:
D:1:      nicolae_arrival_memento_mori, minmay_crystal_room
D:2:      led_sif_pool
D:3:      grunt_ministairs_8, nemelex_dance_club_becter, uniq_sigmund
D:4:      serial_undead, serial_undead_d, serial_undead_a, serial_undead_b,
          serial_undead_e, serial_undead_b, first_ration
D:5:      cheibrodos_fertilizer, supply_closet_lemuel, roderic_lattice_a,
          uniq_prince_ribbit1
D:6:      gammafunk_steamed_eel, minmay_temple_entry_junction_2
D:7:      chequers_ossuary_entry_cave, corexii_leaking_fountain,
          nicolae_tso_swordbearing_angel
D:8:      serial_shops, nicolae_shop_crystal, uniq_joseph
Ossuary:  ossuary_crypta

Skill      XL: |  1  2  3  4  5  6  7 |
---------------+----------------------+-----
Unarmed Combat | 3 4 5 6 7 9 |  9.0
Fighting       | 2 |  2.0
Dodging        | |  1.9
Shields        | |  0.8
Spellcasting   | |  1.2
Charms         | |  2.0

Action                   |  1- 3 |  4- 6 |  7- 9 || total
-------------------------+-------+-------+-------++-------
Melee: Unarmed           |   100 |   126 |    60 ||   286
       Punch             |       |     3 |     2 ||     5
Throw: Tomahawk          |       |       |     3 ||     3
 Cast: Shroud of Golubri |       |     3 |     1 ||     4
  Use: Scroll            |     1 |       |     5 ||     6
 Stab: Sleeping          |     2 |       |       ||     2
  Eat: Chunk             |    11 |     8 |     3 ||    22
Armor: Robe              |    31 |    35 |     8 ||    74
Dodge: Dodged            |    60 |    47 |    23 ||   130

Table legend:
 A = Spawn XP
 B = Non-spawn XP
 C = Spawn XP percentage of total XP
 D = Spawn monster count
 E = Non-spawn monster count
 F = Spawn count percentage of total count
 G = Total turns spent on level
                    A         B        C        D         E        F      G
               +---------+---------+-------+---------+---------+-------+---------
         Total |       0 |    1306 |   0.0 |       0 |      92 |   0.0 |  2247
               +---------+---------+-------+---------+---------+-------+---------
           D:1 |       0 |       6 |   0.0 |       0 |       3 |   0.0 |   118
           D:2 |       0 |      52 |   0.0 |       0 |      17 |   0.0 |   281
           D:3 |       0 |      69 |   0.0 |       0 |      23 |   0.0 |   443
           D:4 |       0 |     424 |   0.0 |       0 |      18 |   0.0 |   323
           D:5 |       0 |     130 |   0.0 |       0 |       8 |   0.0 |   215
           D:6 |       0 |     185 |   0.0 |       0 |       4 |   0.0 |    89
           D:7 |       0 |     230 |   0.0 |       0 |       4 |   0.0 |   440
           D:8 |       0 |     147 |   0.0 |       0 |       4 |   0.0 |   144
       Ossuary |       0 |      63 |   0.0 |       0 |      11 |   0.0 |   194
               +---------+---------+-------+---------+---------+-------+---------
